 Dungeon Crawl Stone Soup version 0.31-a0-986-g5e6e4ef867 (webtiles) character file.

Game seed: 8074989255012940984

61 Gelion the Insei (level 4, -1/29 HPs)
             Began as an Octopode Shapeshifter on Nov 21, 2023.
             Slain by an orc wizard
             ... wielding a +0 dagger
              (4 damage)
             ... on level 2 of the Dungeon on Nov 24, 2023.
             The game lasted 00:03:17 (1673 turns).

Gelion the Insei (Octopode Shapeshifter)            Turns: 1673, Time: 00:03:17

Health: -1/29      AC:  1    Str: 13    XL:     4   Next: 7%
Magic:  4/4        EV: 13    Int: 12    God:
Gold:   93         SH:  0    Dex: 13    Spells: 3/3 levels left

rFire   + .          .
                       - Unarmed
rCold   . . .        (no shield)
rNeg    . . .        (helmet currently unavailable)
rPois   .            (no amulet)
rElec   .            f - ring of protection from fire
rCorr   .            (no ring)
SInv    .            (no ring)
Will    .....        (no ring)
Stlth   ++           (no ring)
HPRegen 0.24/turn    (no ring)
MPRegen 0.09/turn    (no ring)
                     (no ring)

%: no passive effects
@: beast-form
A: beast (slay +1), almost no armour, amphibious, 8 rings, camouflage 1,
gelatinous body 1, (nimble swimmer 1), tentacles
a: Begin Untransformation


You were on level 2 of the Dungeon.
You were a hulking beast.
You visited 1 branch of the dungeon, and saw 3 of its levels.

You collected 93 gold pieces.

Inventory:

Jewellery
 f - a ring of protection from fire (left tentacle)
Talismans
 b - a beast talisman
 c - a flux talisman
Scrolls
 d - a scroll of fear
 g - 2 scrolls of identify
 h - 2 scrolls of teleportation {unknown}
Potions
 a - 2 potions of lignification
 e - a potion of might
 i - a potion of haste {unknown}
 j - 2 potions of degeneration {unknown}
 k - a potion of ambrosia {unknown}


   Skills:
 + Level 2.0 Fighting
 - Level 2.0 Dodging
 * Level 4.0 Unarmed Combat
 + Level 3.4 Shapeshifting


You had 3 spell levels left.
You didn't know any spells.
Your spell library was empty.

Dungeon Overview and Level Annotations

Branches:
Dungeon (3/15)

Altars:


Innate Abilities, Weirdness & Mutations

You are a hulking beast.
Your limbs bulge with bestial killing power. (Slay +1)
You cannot wear most types of armour.
You are amphibious.
You can wear up to eight rings at the same time.
Your skin changes colour to match your surroundings (Stealth+).
Your rubbery body absorbs attacks. (AC +1, EV +1)
((You are camouflaged when in or above water. (Stealth+)))
You have tentacles for arms and can constrict up to eight enemies at once.


Message History

You closely miss the orc wizard.
The orc wizard shouts!
You grab the orc wizard.
The orc wizard is moderately wounded.
You constrict the orc wizard.
The orc wizard hits you but does no damage.
You tentacle-slap the orc wizard.
The orc wizard is severely wounded.
You constrict the orc wizard, but do no damage.
An orc comes into view. It is wielding a +0 short sword.
The orc hits you with a +0 whip.
The orc wizard gestures at you while chanting.
The magic dart hits you!
You release your grip on the orc wizard.
The orc barely misses you. The orc attacks as it pursues you!
The orc hits you with a +0 whip.
The orc wizard casts a spell.
The orc wizard flickers and vanishes!
Deactivating autopickup; reactivate with Ctrl-A.
The orc wizard attacks as it pursues you!
The orc wizard barely misses you. The orc attacks as it pursues you!
The orc closely misses you.
There is a stone staircase leading up here.
The orc wizard casts a spell.
The orc wizard flickers and vanishes!
The orc closely misses you.
You climb upwards.
Reactivating autopickup.
There is a stone staircase leading down here.
You tentacle-slap the orc. You grab the orc. You squeeze the orc.
You kill the orc!
Something hits you.
Deactivating autopickup; reactivate with Ctrl-A.
Things that are here:
a +0 whip; an orc corpse Something hits you.
* * * LOW HITPOINT WARNING * * *
Something hits you.
* * * LOW HITPOINT WARNING * * *
Something hits you.
You die...

.###...........##.#.## #♣.♣.....
.....###......<.....## #........
....####.....).......# #........
.##...##........#.#..####........
.##..............................
.##.##..#.....#.#......##........
.......##.....#...[...###........
....#####.............# #........
................h#....# #......[.
...######.....##......# #########
...# ##########....# ...# #..).#
...# #...>### #### #.....)##
#..P....# #...♣.P.# #.P♣♣P..#


There were no monsters in sight!

Vanquished Creatures
  An adder (D:2)
  A worm (D:2)
  6 orcs
  5 bats
  7 endoplasms
  2 giant cockroaches
  3 goblins
  3 jackals (D:1)
  A kobold (D:1)
  2 quokkas (D:2)
  3 ball pythons
  2 frilled lizards (D:1)
  3 rats
39 creatures vanquished.

Notes
Turn   | Place    | Note
-------+----------+-------------------------------------------
     0 | D:1      | Gelion the Octopode Shapeshifter began the quest for the
                  | Orb.
     0 | D:1      | Reached XP level 1. HP: 13/13 MP: 1/1
   124 | D:1      | Reached XP level 2. HP: 18/18 MP: 2/2
   198 | D:1      | Found a faded altar of an unknown god.
   653 | D:2      | Reached XP level 3. HP: 23/23 MP: 3/3
  1654 | D:3      | Reached skill level 4 in Unarmed Combat
  1654 | D:3      | Reached XP level 4. HP: 24/29 MP: 4/4
  1673 | D:2      | Slain by an orc wizard

Illustrated notes

Levels and vault maps discovered:
D:1:      dpeg_arrival_concentric_ovals, layout_basic,
          ebering_ecumenical_altar_mist
D:2:      layout_rooms, serial_forest, infiniplex_forest_clump_cross,
          infiniplex_forest_clump_tiny, infiniplex_forest_straight_5,
          infiniplex_forest_straight_2, infiniplex_forest_clump_small,
          infiniplex_forest_clump_medium, infiniplex_forest_clump_tiny,
          infiniplex_forest_lined_1, infiniplex_forest_lined_ring
D:3:      layout_basic

Skill      XL: |  1  2  3  4 |
---------------+-------------+-----
Unarmed Combat | 4 |  4.0
Fighting       | 2 |  2.0
Dodging        | |  2.0
Shapeshifting  | |  3.4

Action                     |  1- 3 |  4- 6 || total
---------------------------+-------+-------++-------
  Melee: Unarmed           |   265 |     6 ||   271
         Constrict         |    18 |     3 ||    21
         Punch             |    15 |     1 ||    16
         Tentacles         |    81 |     2 ||    83
    Use: Scroll            |     3 |       ||     3
   Stab: Sleeping          |    11 |       ||    11
 Armour: Skin              |    16 |    10 ||    26
  Dodge: Dodged            |    26 |     5 ||    31

Table legend: (Time is in decaauts)
 A = Elapsed time spent in this place.
 B = Non-inter-level travel time spent in this place.
 C = Inter-level travel time spent in this place.
 D = Time resting spent in this place.
 E = Time spent auto-exploring this place.
 F = Levels seen in this place.
 G = Mean time per level.
                   A        B        C        D        E       F      G
               +--------+--------+--------+--------+--------+-----+--------+
         Total |   1653 |   1477 |    176 |     30 |   1010 |   3 |  551.0 |
       Dungeon |   1653 |   1477 |    176 |     30 |   1010 |   3 |  551.0 |
               +--------+--------+--------+--------+--------+-----+--------+

Top non-repeatable levels by time:
     D:2: 1029 daAuts
     D:1: 606 daAuts
     D:3: 17 daAuts
